 Dungeon Crawl Stone Soup version 0.28-b1-25-g9875b3fc8c (webtiles) character file.

Game seed: 9747658410416866094

135 MisterFreud the Cudgeller (level 4, 0/44 HPs)
             Began as a Troll Berserker on Feb 2, 2022.
             Was a Believer of Trog.
             Slain by a river rat (7 damage)
             ... in a sewer.
             The game lasted 00:02:43 (2236 turns).

MisterFreud the Cudgeller (Troll Berserker)         Turns: 2236, Time: 00:02:44

Health: 0/44       AC:  4    Str: 25    XL:     4   Next: 96%
Magic:  3/3        EV: 10    Int: 11    God:    Trog [**....]
Gold:   139        SH:  0    Dex:  9    Spells: 3/3 levels left

rFire   . . .      SeeInvis .   a - +0 mace
rCold   . . .      Faith    .   (no shield)
rNeg    . . .      Spirit   .   b - +0 animal skin
rPois   .          Reflect  .   (helmet restricted)
rElec   .          Harm     .   (no cloak)
rCorr   .          Rampage  .   (gloves unavailable)
Will    .....                   (boots unavailable)
Stlth   +.........              (no amulet)
HPRegen 0.94/turn               m - +6 ring of intelligence
MPRegen 0.08/turn               (no ring)

@: no status effects
A: large, unfitting armour, claws 3, regeneration 1, shaggy fur 1, tough skin 1
a: Renounce Religion, Berserk, Trog's Hand


You were in a sewer.
You worshipped Trog.
Trog was pleased with you.
You visited 1 branch of the dungeon, and saw 3 of its levels.
You also visited: Sewer.

You collected 139 gold pieces.

Inventory:

Hand Weapons
 a - a +0 mace (weapon)
Missiles
 o - 3 silver javelins (quivered)
 r - 6 poisoned darts
Armour
 b - a +0 animal skin (worn)
Jewellery
 m - a +6 ring of intelligence (left claw)
Scrolls
 e - 3 scrolls of identify
 f - a scroll of fog
 g - 2 scrolls of amnesia {unknown}
 j - 4 scrolls of fear {unknown}
 l - a scroll of immolation {unknown}
 n - a scroll of enchant armour {unknown}
Potions
 c - a potion of magic {unknown}
 d - 6 potions of flight
 h - 2 potions of curing {unknown}
 i - a potion of mutation {unknown}
 k - a potion of berserk rage {unknown}
 p - a potion of heal wounds {unknown}
 q - a potion of invisibility {unknown}


   Skills:
 - Level 2.4 Fighting
 + Level 5.2 Maces & Flails
 - Level 2.4 Dodging


You had 3 spell levels left.
You didn't know any spells.
Your spell library was empty.

Dungeon Overview and Level Annotations

Branches:
Dungeon (3/15)              Sewer (1/1)

Altars:
Trog

Shops:
D:2 :


Innate Abilities, Weirdness & Mutations

You are too large for most types of armour.
You have claws for hands.
Your natural rate of healing is unusually fast.
You are covered in fur. (AC +1)
You have tough skin. (AC +1)


Message History

You miss the quokka. The quokka bites you.
You closely miss the quokka.
The quokka splashes around in the water.
The quokka closely misses you.
You hit the quokka.
You kill the quokka!
Trog accepts your kill.
No target in view!
You enter the shallow water.
Moving in this stuff is going to be slow.
You enter the shallow water.
Moving in this stuff is going to be slow.
You open the large door. 3 river rats come into view.
There are monsters nearby!
You hit the river rat.
The river rat is heavily wounded.
The river rat bites you.
The river rat bites you but does no damage.
The river rat bites you.
You sock the river rat!
You kill the river rat!
Trog accepts your kill. The river rat bites you. x2
You barely miss the river rat. The river rat bites you.
The river rat twitches its whiskers.
The river rat bites you but does no damage.
You hit the river rat but do no damage. The river rat bites you.
The river rat closely misses you.
You barely miss the river rat. The river rat bites you!
* * * LOW HITPOINT WARNING * * *
The river rat bites you!
* * * LOW HITPOINT WARNING * * *
You are too injured to fight recklessly!
You hit the river rat.
The river rat is heavily wounded.
The river rat barely misses you. x2
You are too injured to fight recklessly!
The river rat bites you!
You die...

#≈≈≈≈.≈ #.≈.≈≈ #≈≈≈≈ #≈≈≈#
#≈≈≈# #.≈≈# #≈≈≈#####++#####+
#.†≈≈≈≈..........
#.≈≈≈.≈.@r.......
#≈≈≈#####r'#####+ #.≈≈# ....#
#≈≈≈# ######
#######≈≈≈#####################
≈≈≈≈≈≈≈≈≈≈≈....≈≈≈≈≈≈≈≈≈≈≈≈≈≈.≈
≈≈≈≈≈≈≈.≈≈≈≈≈≈≈≈≈≈≈≈≈≈≈≈≈≈≈≈≈≈≈
≈≈≈≈≈≈≈≈≈≈≈≈≈.≈.†≈≈≈≈≈≈≈≈≈≈.≈≈.
###############################


You could see 2 river rats.

Vanquished Creatures
  An iguana (D:3)
  An adder (D:2)
  2 river rats (Sewer)
  A worm (Sewer)
  3 orcs (D:3)
  7 ball pythons
  6 bats
  8 endoplasms
  4 giant cockroaches
  5 goblins
  5 hobgoblins
  4 jackals (D:1)
  10 kobolds
  4 quokkas
  A frilled lizard (D:2)
  8 rats
70 creatures vanquished.

Notes
Turn   | Place    | Note
-------+----------+-------------------------------------------
     0 | D:1      | MisterFreud the Troll Berserker began the quest for the
                  | Orb.
     0 | D:1      | Reached XP level 1. HP: 22/22 MP: 0/0
   109 | D:1      | Reached skill level 3 in Maces & Flails
   192 | D:1      | Reached XP level 2. HP: 28/29 MP: 1/1
  1013 | D:2      | Reached XP level 3. HP: 28/36 MP: 2/2
  1026 | D:2      | Reached skill level 4 in Maces & Flails
  1061 | D:2      | Found Etzet's Book Emporium.
  1078 | D:2      | Reached ** piety under Trog
  1418 | D:2      | Found a faded altar of an unknown god.
  1459 | D:2      | Found a bloodstained altar of Trog.
  1864 | D:3      | Reached XP level 4. HP: 44/44 MP: 3/3
  1886 | D:3      | Found a glowing drain.
  1915 | Sewer    | Entered a sewer
  2038 | Sewer    | Reached skill level 5 in Maces & Flails
  2236 | Sewer    | Slain by a river rat

Illustrated notes

Levels and vault maps discovered:
D:1:      lemuel_arrival_muddy, layout_loops_corners, minmay_tromino_v4_b
D:2:      layout_basic, serial_shops, nicolae_shop_competitors_out_of_business,
          dreamdust_ecumenical_altar_hidden_monk_grotto, basic_altar
D:3:      layout_basic, portal_sewer_entry_a
Sewer:    sewer_fruit_machine

Skill      XL: |  1  2  3  4 |
---------------+-------------+-----
Maces & Flails | 3 4 5 |  5.2
Fighting       | |  2.4
Dodging        | |  2.4

Action                   |  1- 3 |  4- 6 || total
-------------------------+-------+-------++-------
Melee: Mace              |   154 |    74 ||   228
       Punch             |     1 |       ||     1
Invok: Berserk           |     1 |       ||     1
  Use: Scroll            |       |     1 ||     1
 Stab: Sleeping          |     1 |       ||     1
Armor: Animal skin       |    61 |    29 ||    90
Dodge: Dodged            |   111 |    51 ||   162
